 Dungeon Crawl Stone Soup version 0.23.2-40-g277498a (webtiles) character file.

Game seed: 7225555505810871419

2614 Balder the Cleaver (level 9, -2/75 HPs)
             Began as a Hill Orc Fighter on Aug 26, 2019.
             Was a Follower of Okawaru.
             Slain by a troll (4 damage)
             ... on level 8 of the Dungeon on Sept 3, 2019.
             The game lasted 00:33:57 (7940 turns).

Balder the Cleaver (Hill Orc Fighter)               Turns: 7940, Time: 00:34:01

Health: -2/75      AC: 23    Str: 19    XL:     9   Next: 60%
Magic:  0/9        EV:  4    Int:  8    God:    Okawaru [*.....]
Gold:   392        SH: 10    Dex: 13    Spells: 8/8 levels left

rFire    . . .     SeeInvis .   a - +1 war axe
rCold    . . .     Gourm    .   c - +0 shield
rNeg     . . .     Faith    .   h - +0 plate armour
rPois    .         Spirit   +   L - +2 helmet
rElec    .         Reflect  .   b - +2 cloak
rCorr    .         Harm     .   A - +0 pair of gloves
MR       .....                  (no boots)
Stlth    ..........             q - amulet of guardian spirit
HPRegen  0.22/turn              o - +3 ring of protection
MPRegen  0.11/turn              (no ring)

@: no status effects
A: no striking features
a: Heroism, Renounce Religion


You were on level 8 of the Dungeon.
You worshipped Okawaru.
Okawaru was aware of your devotion.
You were not hungry.

You visited 2 branches of the dungeon, and saw 9 of its levels.
You also visited: Sewer.

You collected 392 gold pieces.

Inventory:

Hand Weapons
 a - a +1 war axe (weapon)
 k - a +1 trident of protection
 l - a +0 morningstar
 t - a +2 flail of holy wrath
 u - a cursed -3 mace
 v - a +0 hunting sling
 w - a +1 flail of protection
 z - a +0 long sword
 F - a +2 hand axe of freezing
 K - a +0 blowgun
Missiles
 d - 11 tomahawks (quivered)
Armour
 b - a +2 cloak (worn)
 c - a +0 shield (worn)
 h - a +0 plate armour (worn)
 j - the +3 helmet "Jonic" {*Corrode +Blink rC+ rN+}
   (You took it off Robin on level 2 of the Dungeon)

   It protects you from cold.
   It protects you from negative energy.
   It lets you blink.
   It may corrode you when you take damage.
 s - a +2 hat
 A - a +0 pair of gloves (worn)
 L - a +2 helmet (worn)
Jewellery
 i - an uncursed ring of resist corrosion
 o - a +3 ring of protection (left hand)
 q - an amulet of guardian spirit (around neck)
 C - an uncursed amulet of magic regeneration
 E - a +3 ring of strength {unknown}
Scrolls
 n - 2 scrolls of teleportation
 y - a scroll of noise {unknown}
 B - a scroll of fog {unknown}
 D - a scroll of blinking {unknown}
 I - a scroll of amnesia {unknown}
 J - a scroll of magic mapping
 M - a scroll of enchant armour {unknown}
 N - 2 scrolls of identify
Potions
 e - a potion of ambrosia {unknown}
 g - a potion of flight {unknown}
 m - a potion of degeneration {unknown}
 p - 3 potions of haste {unknown}
 r - 2 potions of curing
 x - 2 potions of mutation {unknown}
 G - 3 potions of agility {unknown}
 H - a potion of heal wounds {unknown}
Comestibles
 f - 11 rations


   Skills:
 * Level 6.2 Fighting
 * Level 10.4(10.9) Axes
 * Level 2.0(5.9) Maces & Flails
 * Level 3.5(6.7) Polearms
 * Level 6.0 Armour
 + Level 0.1 Dodging
 * Level 3.4 Stealth
 * Level 6.6 Shields
 + Level 0.2 Evocations


You had 8 spell levels left.
You didn't know any spells.
Your spell library contained the following spells:

 Spells                   Type           Power        Failure   Level  Hunger
 Corona                   Hex            #......      100%        1    ##.....
 Summon Small Mammal      Summ           #...         100%        1    ##.....
 Call Imp                 Summ           #.......     100%        2    ###....
 Slow                     Hex            #.......     100%        2    ###....
 Call Canine Familiar     Summ           #.......     100%        3    ####...
 Inner Flame              Hex/Fire       #.......     100%        3    ####...
 Portal Projectile        Hex/Tloc       #.....       100%        3    ####...
 Summon Guardian Golem    Hex/Summ       #.......     100%        3    ####...
 Cause Fear               Hex            #.........   100%        4    #####..
 Leda's Liquefaction      Hex/Erth       #.........   100%        4    #####..
 Summon Ice Beast         Ice/Summ       #.......     100%        4    #####..
 Summon Lightning Spire   Summ/Air       #.......     100%        4    #####..


Dungeon Overview and Level Annotations

Branches:
Dungeon (8/15)             Temple (1/1) D:6            Lair (0/6) D:8

Altars:
Ashenzari
Cheibriados
Dithmenos
Fedhas
Hepliaklqana
Kikubaaqudgha
Makhleb
Nemelex Xobeh
Okawaru
Ru
Sif Muna
Trog
Vehumet
Xom
Zin
The Shining One

Shops:
D:5 [

Annotations:
D:5 2 transporters, biffMalibu's ghost, novice HOCK


Message History

The troll is severely wounded.
The troll bites you but does no damage.
The troll claws you but does no damage. x2
You feel better. The troll bites you but does no damage.
The troll claws you but does no damage. x2
You closely miss the troll.
The troll is heavily wounded.
The troll bites you but does no damage.
The troll claws you but does no damage. x2
You slash the troll!
The troll is severely wounded.
The troll bites you!
* * * LOW HITPOINT WARNING * * *
The troll claws you but does no damage. x2
You hit the troll.
The troll is severely wounded.
The troll bites you!
* * * LOW HITPOINT WARNING * * *
The troll claws you!
* * * LOW HITPOINT WARNING * * *
The troll claws you.
You die...

,,*****,,,*** **,*,,,,,,,,,,,,
,,,,,,,,*,,,*** *..##,,,****,,,
,*****,,*,,,,,*####...,,,,,**,,,,
** ***,,*..,,,,......**,,,,,,,***
** *,,,,,..#*,,.....***,,,,,***
,*****+**#..####...## **,,*** *
,,,*,,,,,#..........# **,,,** **
**,****,**##....T...##*,,,,,****,
***,,,,,##.....@....#..**,,,,,..
* ****,*#..............****,.,,.
*****,+,,#.........##..#*****..##
,,,****,,####....###**,.,,***,,..
,,,******* ##..## *,,,,,,,,,,.
*,,,,,** #.## ##,.......***
,,,*#.,* ##..#####.,......#*
,****#.######......##.,*#....# #
** #.......###......##*#...# ##


You could see a troll.

Vanquished Creatures
  2 hippogriffs (D:7)
  Sigmund (D:2)
  Duvessa (D:4)
  A black bear (D:8)
  4 ogres
  2 centaurs (D:5)
  2 bullfrogs (Sewer)
  Dowan (D:4)
  A scorpion (D:5)
  7 wights
  A crimson imp (D:8)
  A quasit (D:7)
  5 hounds
  4 orc wizards
  Crazy Yiuf (D:5)
  2 orc priests (D:4)
  A bullfrog skeleton (D:5)
  Natasha (twice) (D:4)
  An iguana (D:6)
  4 worker ants
  2 hound skeletons (D:6)
  A hound zombie (D:5)
  Robin (D:2)
  8 adders
  4 gnolls
  2 oozes
  2 adder skeletons
  A worm (D:2)
  3 dart slugs
  11 leopard geckos
  12 orcs
  17 giant cockroaches
  13 goblins
  9 hobgoblins
  12 jackals
  13 kobolds
  2 quokkas
  4 ball pythons
  4 bats (D:2)
  10 frilled lizards
  A leopard gecko skeleton (D:5)
  2 quokka skeletons
  A quokka zombie (D:6)
  5 rats
184 creatures vanquished.

Vanquished Creatures (others)
  A human (D:3)
1 creature vanquished.

Grand Total: 185 creatures vanquished

Notes
Turn   | Place    | Note
-------+----------+-------------------------------------------
     0 | D:1      | Balder the Hill Orc Fighter began the quest for the Orb.
     0 | D:1      | Reached XP level 1. HP: 19/19 MP: 1/1
   109 | D:1      | Reached XP level 2. HP: 26/27 MP: 2/2
   715 | D:2      | Reached skill level 3 in Axes
   715 | D:2      | Reached XP level 3. HP: 28/33 MP: 3/3
   763 | D:2      | Identified the +3 helmet "Jonic" {*Corrode +Blink rC+ rN+}
   763 | D:2      | Noticed Robin
   803 | D:2      | Killed Robin
   856 | D:2      | Found a faded altar of an unknown god.
   932 | D:2      | Reached XP level 4. HP: 35/40 MP: 4/4
   939 | D:2      | Reached skill level 4 in Axes
  1456 | D:2      | Noticed Sigmund
  1728 | D:2      | Killed Sigmund
  1728 | D:2      | Reached skill level 5 in Axes
  1728 | D:2      | Reached skill level 1 in Stealth
  1728 | D:2      | Reached XP level 5. HP: 38/47 MP: 5/5
  1728 | D:2      | Reached XP level 6. HP: 43/53 MP: 6/6
  2229 | D:3      | Found a runed translucent door.
  2230 | D:3      | Noticed Crazy Yiuf
  2255 | D:3      | Found an ancient bone altar of Kikubaaqudgha.
  2255 | D:3      | Noticed a human
  2258 | D:3      | Killed a human
  3030 | D:4      | Reached skill level 6 in Axes
  3210 | D:4      | Noticed Duvessa
  3210 | D:4      | Noticed Dowan
  3229 | D:4      | Killed Duvessa
  3229 | D:4      | Reached skill level 5 in Fighting
  3229 | D:4      | Reached XP level 7. HP: 52/61 MP: 5/7
  3251 | D:4      | Killed Dowan
  3251 | D:4      | Reached skill level 1 in Polearms
  3416 | D:4      | Noticed Natasha
  3422 | D:4      | Killed Natasha
  3910 | D:4      | Noticed Natasha
  3954 | D:4      | Killed Natasha
  3965 | D:5      | Entered Level 5 of the Dungeon
  4028 | D:5      | Found Daorroxe's Antique Armour Shop.
  4044 | D:5      | Found a glowing drain.
  4094 | Sewer    | Entered a sewer
  4250 | Sewer    | Reached skill level 7 in Axes
  4371 | Sewer    | Reached skill level 5 in Shields
  4439 | D:5      | Reached skill level 5 in Armour
  4439 | D:5      | Reached XP level 8. HP: 52/68 MP: 6/8
  4765 | D:5      | Reached skill level 8 in Axes
  4785 | D:5      | Found a transporter.
  4785 | D:5      | Noticed biffMalibu's ghost (novice HOCK)
  4808 | D:5      | Killed Crazy Yiuf
  5000 | D:5      | Found a transporter.
  5314 | D:6      | Reached skill level 9 in Axes
  5658 | D:6      | Found a staircase to the Ecumenical Temple.
  5674 | Temple   | Entered the Ecumenical Temple
  5686 | Temple   | Became a worshipper of Warmaster Okawaru
  6118 | D:8      | Reached skill level 1 in Maces & Flails
  6118 | D:8      | Reached XP level 9. HP: 55/75 MP: 9/9
  6753 | D:7      | Reached skill level 10 in Axes
  6995 | D:7      | Reached * piety under Okawaru
  7925 | D:8      | Noticed a troll
  7940 | D:8      | HP: 2/75 [troll (10)]
  7940 | D:8      | Slain by a troll

Skill      XL: |  1  2  3  4  5  6  7  8  9 |
---------------+----------------------------+-----
Fighting       | 4 5 6 |  6.2
Axes           | 3 5 6 7 9 10 | 10.4
Armour         | 4 5 6 |  6.0
Stealth        | 1 2 3 |  3.4
Shields        | 4 5 6 |  6.6
Polearms       | 1 2 3 |  3.5
Maces & Flails | 1 2 |  2.0
Dodging        | |  0.1
Evocations     | |  0.2

Action                   |  1- 3 |  4- 6 |  7- 9 || total
-------------------------+-------+-------+-------++-------
Melee: War axe           |   128 |   191 |   317 ||   636
       Hand axe          |       |       |   125 ||   125
Throw: Tomahawk          |       |     2 |     2 ||     4
 Abil: Evoke Blink       |       |       |     1 ||     1
  Use: Potion            |     1 |     1 |     2 ||     4
       Scroll            |       |     4 |     5 ||     9
  Eat: Chunk             |       |     8 |     8 ||    16
       Ration            |       |       |     3 ||     3
Armor: Scale mail        |    35 |       |       ||    35
       Plate armour      |    60 |   127 |   299 ||   486
Dodge: Dodged            |    38 |    24 |    67 ||   129
Block: Shield            |    52 |    88 |   230 ||   370
